 Dungeon Crawl Stone Soup version 0.30-a0-4-ga7cffc901d (webtiles) character file.

Game seed: 16794262638669959416

781 KleinerIrrer the Martial Artist (level 7, 0/69 HPs)
             Began as an Octopode Monk on Aug 21, 2022.
             Slain by a centaur (3 damage)
             ... on level 6 of the Dungeon.
             The game lasted 00:07:30 (6703 turns).

KleinerIrrer the Martial Artist (Octopode Monk)     Turns: 6703, Time: 00:07:31

Health: 0/69       AC:  1    Str: 11      XL:     7   Next: 85%
Magic:  7/7        EV: 13    Int: 13 (14) God:
Gold:   242        SH:  0    Dex: 13 (14) Spells: 6/6 levels left

rFire   . . .      SeeInvis +      - Unarmed
rCold   . . .      Faith    .    (no shield)
rNeg    . . .      Spirit   .    (helmet restricted)
rPois   .          Reflect  .    o - amulet of magic regeneration
rElec   .          Harm     .    s - ring of see invisible
rCorr   .          Rampage  .    (no ring)
Will    .....                    (no ring)
Stlth   ..........               (no ring)
HPRegen 0.21/turn                (no ring)
MPRegen 0.50/turn                (no ring)
                                 (no ring)
                                 (no ring)

@: berserking, very quick
A: almost no armour, amphibious, 8 rings, camouflage 1, gelatinous body 1,
(nimble swimmer 1), tentacles
a: no special abilities


You were on level 6 of the Dungeon.
You visited 1 branch of the dungeon, and saw 6 of its levels.

You collected 242 gold pieces.

Inventory:

Missiles
 j - 3 boomerangs of dispersal (quivered)
 r - 18 poisoned darts
Jewellery
 o - an amulet of magic regeneration (around mantle)
 s - a ring of see invisible (left tentacle)
 u - an amulet of regeneration
 v - a +4 ring of evasion
Wands
 g - a wand of paralysis (2)
 y - a wand of flame (11)
Scrolls
 b - a scroll of summoning {unknown}
 c - a scroll of immolation
 l - 2 scrolls of teleportation {unknown}
 p - a scroll of vulnerability {unknown}
 q - 2 scrolls of poison
 t - a scroll of enchant armour {unknown}
 A - a scroll of enchant weapon {unknown}
Potions
 a - 2 potions of ambrosia
 d - a potion of degeneration
 e - a potion of resistance
 f - a potion of lignification
 i - a potion of mutation
 k - a potion of might {unknown}
 m - 2 potions of flight
 n - 3 potions of brilliance
 x - a potion of curing {unknown}
 z - a potion of haste {unknown}


   Skills:
 - Level 3.0 Fighting
 - Level 3.0 Dodging
 - Level 2.6 Stealth
 + Level 9.1 Unarmed Combat


You had 6 spell levels left.
You didn't know any spells.
Your spell library contained the following spells:

 Spells                   Type           Power      Damage    Failure   Level
 Magic Dart               Conj           0%         1d3       30%         1
 Necrotise                Necr           0%         1d4       30%         1
 Summon Small Mammal      Summ           0%         N/A       30%         1
 Call Imp                 Summ           0%         N/A       43%         2
 Call Canine Familiar     Summ           0%         N/A       67%         3
 Ignite Poison            Fire/Tmut/Pois 0%         N/A       67%         3
 Mephitic Cloud           Conj/Pois/Air  0%         N/A       67%         3
 Summon Guardian Golem    Hex/Summ       0%         N/A       67%         3
 Vampiric Draining        Necr           0%         2d6       67%         3
 Agony                    Necr           0%         N/A       100%        5
 Freezing Cloud           Conj/Ice/Air   0%         6-21      100%        5


Dungeon Overview and Level Annotations

Branches:
Dungeon (6/15)
 Temple: D:4-7

Altars:

Annotations:
D:5 2 runed translucent doors


Innate Abilities, Weirdness & Mutations

You cannot wear most types of armour.
You are amphibious.
You can wear up to eight rings at the same time.
Your skin changes colour to match your surroundings (Stealth+).
Your rubbery body absorbs attacks. (AC +1, EV +1)
((You are camouflaged when in or above water. (Stealth+)))
You have tentacles for arms and can constrict up to eight enemies at once.


Message History

It was a scroll of poison.
Okay, then.
You tentacle-slap the shadow imp but do no damage.
You grab the shadow imp. You squeeze the shadow imp.
The shadow imp is moderately wounded.
You constrict the shadow imp. The shadow imp hits you.
* * * LOW HITPOINT WARNING * * *
You tentacle-slap the shadow imp but do no damage.
You squeeze the shadow imp, but do no damage.
The shadow imp is heavily wounded.
You constrict the shadow imp. The shadow imp hits you.
* * * LOW HITPOINT WARNING * * *
You bludgeon the shadow imp!
You kill the shadow imp!
The centaur shoots an arrow.
The arrow barely misses you.
The centaur unwields a +0 shortbow.
The centaur hits you.
* * * LOW HITPOINT WARNING * * *
The centaur kicks you.
* * * LOW HITPOINT WARNING * * *
You barely miss the centaur. You squeeze the centaur!
The centaur is moderately wounded.
The centaur barely misses you. The centaur kicks you.
* * * LOW HITPOINT WARNING * * *
You closely miss the centaur.
You squeeze the centaur, but do no damage.
The centaur is moderately wounded.
The centaur misses you. The centaur kicks you.
* * * LOW HITPOINT WARNING * * *
You barely miss the centaur.
The centaur is moderately wounded.
The centaur closely misses you. The centaur barely misses you.
You barely miss the centaur.
The centaur is moderately wounded.
The centaur closely misses you. The centaur barely misses you.
The centaur hits you.
* * * LOW HITPOINT WARNING * * *
The centaur barely misses you.
A red film seems to cover your vision as you go berserk!
You feel yourself moving faster!
You feel mighty! The centaur hits you.
You die...

#.............############
#############.#..........#
######...........###.#
##...####.#.####.###.#
##..5.# #.#.#........#
##..#..##.#.#.##.##..#####
.#..##c.#.#.#.##.##..##...
...###..#.#>#.##.....†#.##
...###..#@#.#.##......#.##
##..#c................ ######
##c.............[.#.##
#.##.######....###.#........#
####.........##...#
#.#........#
........[.#######.#
#.#....>..##
####..............#
#.##.....## #.##.#.#########
#.###...## #.##.#.## #.#
##.##


You could see a centaur.

Vanquished Creatures
  A sky beast (D:6)
  An ogre (D:6)
  2 phantoms
  A kobold brigand (D:6)
  A scorpion (D:5)
  A hound (D:5)
  A jelly (D:4)
  An iguana (D:5)
  Natasha (D:2)
  An orc wizard (D:4)
  Robin (D:2)
  5 gnolls
  2 adders
  A shadow imp (D:6)
  A white imp (D:6)
  A worm (D:2)
  A dart slug (D:5)
  8 orcs
  6 ball pythons
  5 endoplasms
  4 giant cockroaches
  9 goblins
  15 hobgoblins
  3 jackals (D:3)
  12 kobolds
  4 quokkas
  8 bats
  5 rats
102 creatures vanquished.

Notes
Turn   | Place    | Note
-------+----------+-------------------------------------------
     0 | D:1      | KleinerIrrer the Octopode Monk began the quest for the Orb.
     0 | D:1      | Reached XP level 1. HP: 16/16 MP: 1/1
    98 | D:1      | Reached XP level 2. HP: 10/21 MP: 2/2
   344 | D:1      | Found a faded altar of an unknown god.
   451 | D:1      | Reached skill level 4 in Unarmed Combat
   468 | D:1      | Reached XP level 3. HP: 26/26 MP: 3/3
  1557 | D:2      | Noticed Robin
  1903 | D:1      | Reached XP level 4. HP: 31/31 MP: 4/4
  1928 | D:2      | Killed Robin
  2084 | D:2      | Reached skill level 5 in Unarmed Combat
  2567 | D:2      | Noticed Natasha
  2572 | D:2      | Killed Natasha
  2866 | D:3      | Reached XP level 5. HP: 30/36 MP: 5/5
  3827 | D:4      | Reached skill level 6 in Unarmed Combat
  4616 | D:4      | Noticed a phantom
  4626 | D:4      | Killed a phantom
  4627 | D:4      | Reached XP level 6. HP: 39/42 MP: 6/6
  5020 | D:4      | Reached skill level 7 in Unarmed Combat
  5230 | D:5      | Entered Level 5 of the Dungeon
  5614 | D:5      | Reached XP level 7. HP: 43/46 MP: 7/7
  5642 | D:5      | Found a large runed translucent door.
  5894 | D:5      | Reached skill level 8 in Unarmed Combat
  6002 | D:5      | Found a large runed translucent door.
  6544 | D:6      | Reached skill level 9 in Unarmed Combat
  6702 | D:6      | HP: 2/46 [centaur (5)]
  6703 | D:6      | Slain by a centaur

Illustrated notes

Levels and vault maps discovered:
D:1:      dpeg_cavernosity, layout_loops_ring, hellmonk_ecumenical_altar_blasted
D:2:      layout_basic, uniq_natasha, uniq_robin
D:3:      layout_basic, serial_bayou_pond_d, kennysheep_big_empty_room
D:4:      layout_layer_cave, minivault_26, saegor_snake_ambush
D:5:      layout_loops_ring, jmf_multi_god_temple2
D:6:      layout_loops_ring, minmay_temple_entry_butterflies,
          hangedman_glass_teeth

Skill      XL: |  1  2  3  4  5  6  7 |
---------------+----------------------+-----
Unarmed Combat | 4 5 6 7 9 |  9.1
Fighting       | |  3.0
Dodging        | |  3.0
Stealth        | |  2.6

Action                   |  1- 3 |  4- 6 |  7- 9 || total
-------------------------+-------+-------+-------++-------
Melee: Unarmed           |    56 |   126 |    40 ||   222
       Constrict         |    16 |    28 |     6 ||    50
       Tentacles         |    11 |    26 |    14 ||    51
       Punch             |     4 |     2 |     2 ||     8
Throw: Boomerang         |       |     1 |       ||     1
Evoke: Wand              |       |       |     7 ||     7
  Use: Potion            |       |     3 |     1 ||     4
       Scroll            |       |     2 |     3 ||     5
 Stab: Sleeping          |    13 |    12 |     5 ||    30
       Distracted        |     1 |     1 |       ||     2
       Paralysed         |       |       |     7 ||     7
Armor: Skin              |     1 |     3 |       ||     4
Dodge: Dodged            |    31 |    63 |    17 ||   111

Table legend: (Time is in decaauts)
 A = Elapsed time spent in this place.
 B = Non-inter-level travel time spent in this place.
 C = Inter-level travel time spent in this place.
 D = Time resting spent in this place.
 E = Time spent auto-exploring this place.
 F = Levels seen in this place.
 G = Mean time per level.
                   A        B        C        D        E       F      G
               +--------+--------+--------+--------+--------+-----+--------+
         Total |   6686 |   6407 |    279 |   1025 |   4606 |   6 | 1114.3 |
       Dungeon |   6686 |   6407 |    279 |   1025 |   4606 |   6 | 1114.3 |
               +--------+--------+--------+--------+--------+-----+--------+

Top non-repeatable levels by time:
     D:1: 1761 daAuts
     D:4: 1455 daAuts
     D:3: 1077 daAuts
     D:5: 995 daAuts
     D:2: 931 daAuts
     D:6: 464 daAuts
